 Dungeon Crawl Stone Soup version 0.29.1-12-g30fa7ad0bf (webtiles) character file.

Game seed: 16492496024431107849

58 Radix the Trooper (level 4, -7/41 HPs)
             Began as a Hill Orc Abyssal Knight on Jan 7, 2023.
             Was a Priest of Lugonu.
             Mangled by an iguana (8 damage)
             ... on level 3 of the Dungeon.
             The game lasted 00:06:19 (1656 turns).

Radix the Trooper (Hill Orc Abyssal Knight)         Turns: 1656, Time: 00:06:20

Health: -7/41      AC:  6    Str: 17    XL:     4   Next: 1%
Magic:  5/5        EV:  9    Int: 10    God:    Lugonu [***...]
Gold:   110        SH:  0    Dex: 11    Spells: 3/3 levels left

rFire   . . .      SeeInvis .   a - +1 hand axe
rCold   . . .      Faith    .   (no shield)
rNeg    . . .      Spirit   .   h - +0 scale mail
rPois   .          Reflect  .   (no helmet)
rElec   .          Harm     .   (no cloak)
rCorr   .          Rampage  .   (no gloves)
Will    .....                   (no boots)
Stlth   ..........              (no amulet)
HPRegen 0.13/turn               (no ring)
MPRegen 0.09/turn               (no ring)

@: mighty, attractive
A: no striking features
a: Renounce Religion, Depart the Abyss, Bend Space, Banish


You were on level 3 of the Dungeon.
You worshipped Lugonu.
Lugonu was most pleased with you.
You visited 1 branch of the dungeon, and saw 3 of its levels.
You visited the Abyss 1 time.

You collected 110 gold pieces.

Inventory:

Hand Weapons
 a - a +1 hand axe (weapon)
Armour
 b - a +0 leather armour
 g - a +0 ring mail of cold resistance
 h - a +0 scale mail (worn)
Jewellery
 e - a ring of protection from fire
Scrolls
 m - 2 scrolls of identify {unknown}
 p - a scroll of blinking {unknown}
 s - a scroll of magic mapping {unknown}
Potions
 d - a potion of resistance {unknown}
 i - a potion of degeneration {unknown}
 j - a potion of ambrosia {unknown}
 k - 2 potions of attraction
 l - 2 potions of lignification {unknown}
 n - 2 potions of heal wounds {unknown}
 o - 2 potions of might
 q - a potion of brilliance {unknown}
 r - a potion of flight {unknown}


   Skills:
 + Level 4.8 Fighting
 + Level 4.3 Axes
 - Level 2.1 Armour
 - Level 0.7 Dodging
 - Level 2.4 Invocations


You had 3 spell levels left.
You didn't know any spells.
Your spell library contained the following spells:

 Spells                   Type           Power      Damage    Failure   Level
 Call Canine Familiar     Summ           0%         N/A       98%         3
 Portal Projectile        Hex/Tloc       0%         N/A       98%         3
 Leda's Liquefaction      Hex/Erth       0%         N/A       100%        4


Dungeon Overview and Level Annotations

Branches:
Dungeon (3/15)

Altars:
The Shining One

Annotations:
D:2 Sigmund


Message History

An iguana comes into view.
The iguana hisses angrily.
The iguana bites you!
You barely miss the iguana.
The iguana hisses menacingly.
The iguana barely misses you.
You closely miss the iguana.
The iguana bites you but does no damage.
You barely miss the iguana. The iguana bites you.
You hit the iguana.
The iguana is moderately wounded.
The iguana barely misses you.
You completely miss the iguana.
The iguana is moderately wounded.
The iguana completely misses you.
You closely miss the iguana.
The iguana is moderately wounded.
The iguana closely misses you.
You barely miss the iguana.
The iguana is moderately wounded.
The iguana bites you.
You hit the iguana.
The iguana is moderately wounded.
The iguana bites you!
You closely miss the iguana.
The iguana is moderately wounded.
The iguana bites you.
You hit the iguana.
The iguana is heavily wounded.
The iguana bites you but does no damage.
The iguana hisses menacingly.
The iguana bites you!
* * * LOW HITPOINT WARNING * * *
It was a potion of attraction.
You feel attractive to monsters. The iguana barely misses you.
It was a potion of might.
You feel very mighty all of a sudden. The iguana bites you!
You die... ##########.. +...@l...... ##########..

You could see an iguana.

Vanquished Creatures
  2 adders (D:2)
  2 worms (D:2)
  6 ball pythons
  3 endoplasms (D:2)
  3 giant cockroaches (D:1)
  4 hobgoblins
  4 jackals (D:2)
  2 kobolds (D:2)
  A bat (D:1)
  2 frilled lizards
  A goblin (D:1)
30 creatures vanquished.

Notes
Turn   | Place    | Note
-------+----------+-------------------------------------------
     0 | Abyss:1  | Radix the Hill Orc Abyssal Knight began the quest for the
                  | Orb.
     0 | Abyss:1  | Reached XP level 1. HP: 19/19 MP: 2/2
     1 | D:1      | Escaped the Abyss
   360 | D:1      | Reached XP level 2. HP: 27/27 MP: 3/3
   756 | D:2      | Reached XP level 3. HP: 30/34 MP: 4/4
   853 | D:2      | Reached *** piety under Lugonu
   900 | D:2      | Found a glowing golden altar of the Shining One.
  1246 | D:2      | Reached XP level 4. HP: 37/41 MP: 5/5
  1278 | D:2      | Found a faded altar of an unknown god.
  1306 | D:2      | Noticed Sigmund
  1654 | D:3      | HP: 1/41 [iguana (12)]
  1656 | D:3      | Mangled by an iguana

Illustrated notes

Levels and vault maps discovered:
D:1:      saegor_arrival_simple_e, layout_basic
D:2:      layout_loops_ring, ebering_ecumenical_altar_mist, basic_altar,
          uniq_natasha, uniq_sigmund
D:3:      layout_basic, reono_crystal_passage

Skill      XL: |  1  2  3 |
---------------+----------+-----
Axes           | 3 4 |  4.3
Fighting       | 4 |  4.8
Armour         | |  2.1
Dodging        | |  0.7
Invocations    | |  2.4

Action                   |  1- 3 |  4- 6 || total
-------------------------+-------+-------++-------
Melee: Hand axe          |   101 |    11 ||   112
Invok: Bend Space        |       |     2 ||     2
  Use: Scroll            |       |     2 ||     2
       Potion            |       |     2 ||     2
Armor: Ring mail         |     7 |       ||     7
       Leather armour    |     1 |       ||     1
       Scale mail        |    31 |     3 ||    34
Dodge: Dodged            |    51 |     6 ||    57
